Map: Torches LE

Players

VITRyung (Ryung)

  • Race: Terran Terran
  • League: Master
  • Spawn Location: 1:00

STZsOs (sOs) - Winner!

  • Race: Protoss Protoss
  • League: Master
  • Spawn Location: 5:00

Event: HomeStory Cup XXVII

VOD

Have the link to the VOD?

Description

Time

  • Played on: June 29, 2025, 11:45 a.m.
  • Length: 20:23

All games in this series

Show
View Real Time Build Order
Export as new Build Order

VITRyung Terran 

Build Orders: Cyclone Opening 

Get SALT Encoding   

  12  0:00  SCV  
  13  0:12  SCV  
  14  0:16  Supply Depot  
  14  0:24  SCV  
  15  0:38  SCV  
  15  0:39  Barracks  
  16  0:43  Refinery  
  16  0:50  SCV  
  17  1:02  SCV  
  18  1:14  SCV  
  19  1:27  Orbital Command  
  20  1:38  Command Center  
  19  1:40  Marine  
  20  1:52  Factory  
  20  1:56  SCV  
  21  2:02  Refinery  
  21  2:08  SCV  
  21  2:12  Supply Depot  
  21  2:15  Barracks Tech Lab  
  22  2:20  SCV  
  23  2:34  SCV  
  24  2:39  Barracks  
  24  2:43  Cyclone  
  26  2:46  SCV  
  26  2:49  Barracks Reactor  
  27  2:58  SCV  
  27  3:01  Supply Depot  
  28  3:10  SCV  
  29  3:22  SCV  
  29  3:25  Marine x2, Factory Tech Lab  
  32  3:29  Barracks  
  32  3:35  Stimpack, Marine, SCV  
  32  3:37  Orbital Command  
  34  3:46  Marine x2  
  34  3:47  SCV  
  37  3:53  Marine  
  38  3:59  SCV  
  38  4:02  Engineering Bay, SCV  
  40  4:06  Marine  
  40  4:07  Marine  
  42  4:11  Marine, SCV  
  42  4:14  SCV  
  42  4:15  Supply Depot  
  45  4:23  SCV  
  46  4:25  Starport  
  46  4:26  SCV  
  46  4:29  Factory Reactor  
  46  4:30  Terran Infantry Weapons Level 1  
  47  4:32  Marine x2  
  47  4:34  Marine  
  47  4:35  SCV  
  47  4:36  Marine  
  52  4:42  SCV  
  52  4:44  Supply Depot  
  53  4:47  SCV  
  53  4:49  Combat Shield  
  53  4:52  Marine x3  
  54  4:54  Marine, SCV  
  54  4:59  SCV  
  60  5:03  Supply Depot  
  60  5:06  SCV  
  61  5:07  Supply Depot  
  61  5:09  Medivac  
  61  5:10  Medivac  
  61  5:11  SCV  
  66  5:16  Factory Reactor  
  66  5:18  SCV  
  67  5:22  Refinery  
  67  5:23  Refinery, SCV  
  67  5:25  Marauder  
  67  5:26  Marauder  
  67  5:27  Marine  
  67  5:28  Marine  
  74  5:33  SCV  
  74  5:35  Supply Depot, SCV  
  75  5:40  Supply Depot  
  76  5:43  Medivac x2  
  76  5:49  Marauder x2, Marine x2  
  86  5:56  SCV  
  91  5:57  Widow Mine x2  
  91  6:02  Supply Depot  
  91  6:04  Supply Depot  
  91  6:14  Command Center  
  91  6:20  Marauder  
  91  6:21  Marauder  
  91  6:22  SCV  
  91  6:24  Terran Infantry Armor Level 1  
  96  6:27  Marine x2  
  96  6:32  SCV  
  99  6:34  Supply Depot  
  99  6:35  SCV  
  100  6:47  Barracks  
  100  6:48  Barracks  
  100  6:50  Viking  
  100  6:51  Viking  
  104  6:59  Marauder x2, Marine x2  
  106  7:01  SCV  
  106  7:04  Supply Depot  
  106  7:06  Widow Mine  
  109  7:11  Widow Mine  
  111  7:17  SCV x2  
  113  7:23  Medivac x2  
  113  7:29  Marauder x2  
  119  7:30  SCV  
  119  7:31  SCV  
  119  7:35  Widow Mine x2  
  125  7:38  Barracks Tech Lab, Barracks Reactor  
  125  7:41  Engineering Bay  
  125  7:42  Armory  
  125  7:43  SCV x2  
  127  7:54  Viking x2  
  127  7:55  SCV x2  
  133  7:59  Supply Depot  
  133  8:00  SCV  
  133  8:01  Supply Depot  
  138  8:05  Marauder  
  138  8:06  Marauder  
  138  8:07  SCV x2  
  138  8:11  Marauder  
  139  8:19  SCV  
  141  8:20  Orbital Command  
  141  8:22  SCV  
  141  8:24  Viking x2  
  145  8:30  Refinery x2, Ghost Academy  
  145  8:31  SCV  
  150  8:34  Marauder x2  
  150  8:39  Terran Infantry Weapons Level 2  
  150  8:40  Factory Tech Lab  
  150  8:42  Terran Infantry Armor Level 2  
  150  8:45  SCV x3  
  153  8:50  Supply Depot  
  153  8:52  Supply Depot  
  153  8:55  Terran Ship Weapons Level 1  
  153  8:57  Viking  
  153  9:01  Viking  
  157  9:10  Ghost x2  
  157  9:12  Ghost  
  166  9:22  Drilling Claws  
  168  9:28  Siege Tank  
  169  9:32  Supply Depot  
  169  9:33  Command Center  
  169  9:44  Ghost x2  
  175  9:48  Ghost  
  175  9:52  Barracks  
  178  9:54  Barracks  
  178  9:56  Barracks  
  178  9:58  Supply Depot  
  178  10:03  Siege Tank  
  181  10:11  Marine x2  
  181  10:12  Marine x2  
  181  10:13  Marauder x2  
  188  10:20  Marauder  
  190  10:22  Supply Depot  
  190  10:35  Marauder x2  
  194  10:41  Marauder  
  194  10:42  Widow Mine  
  196  10:43  Barracks Tech Lab  
  196  10:44  Barracks Tech Lab, Barracks Reactor  
  196  10:45  Supply Depot  
  196  10:50  Terran Ship Weapons Level 2  
  196  10:57  Terran Infantry Weapons Level 3  
  196  11:00  Terran Infantry Armor Level 3  
  185  11:16  Planetary Fortress  
  185  11:17  Fusion Core, Refinery  
  185  11:18  Starport  
  185  11:23  Marauder x3  
  191  11:30  Sensor Tower  
  184  11:43  SCV x3  
  179  11:55  SCV x3  
  179  11:57  Liberator x3  
  191  12:06  Advanced Ballistics  
  191  12:07  SCV x3  
  194  12:09  Sensor Tower, Siege Tank  
  194  12:14  SCV  
  198  12:19  SCV x2  
  200  12:26  Command Center  
  200  12:29  Command Center  
  198  12:40  Command Center  
  198  12:42  Command Center  
  198  12:51  Sensor Tower  
  198  13:09  Terran Ship Weapons Level 3  
  186  13:20  Ghost x3  
  186  13:25  Liberator  
  198  13:46  Caduceus Reactor  
  198  13:47  Liberator x2  
  198  13:59  Planetary Fortress  
  193  14:17  Marauder x2  
  193  14:20  Marauder x2  
  193  14:21  Marine x3  
  198  14:29  Marauder  
  193  14:38  Marauder  
  193  14:39  Marauder, Marine x3  
  193  14:44  Orbital Command, Marine x3  
  193  14:45  Marauder x2  
  171  14:47  Liberator x2  
  171  14:49  Marine  
  167  14:57  Marine x3, Liberator  
  167  14:58  Liberator  
  173  15:00  Marauder x2  
  173  15:02  Marine x2  
  173  15:03  SCV x3  
  180  15:15  Concussive Shells  
  180  15:20  Marauder x2, Marine x2  
  186  15:25  Marine x2  
  186  15:26  Marauder, Marine  
  186  15:27  Marauder x2  
  183  15:30  Liberator x2  
  189  15:40  Liberator  
  189  15:41  Marauder  
  193  15:49  Marine  
  142  15:50  Marauder x3, Marine x3  
  142  15:51  Marine x3  
  132  16:03  Marauder  
  134  16:07  Orbital Command, Marine x2  
  134  16:08  Marine x2  
  134  16:09  Marine x2  
  134  16:10  Marauder, SCV x3  
  149  16:11  Marauder x3  
  157  16:42  Liberator x2  
  157  16:43  Refinery  
  150  16:58  Marauder x2  
  150  16:59  Marine x2  
  150  17:01  Marine x4  
  151  17:04  Marauder  
  151  17:05  Marauder  
  147  17:09  Marine  
  146  17:16  Marine  
  146  17:17  Marine  
  146  17:18  SCV x2  
  146  17:19  Marine  
  144  17:30  Marine x2  
  144  17:33  Marine x2  
  144  17:34  Marauder  
  144  17:36  Ghost  
  152  17:48  Marine x6  
  152  17:49  Marine  
  152  17:51  Marauder, Marine  
  159  17:56  Marauder  
  164  18:05  Marauder  
  166  18:07  Marauder x2  
  166  18:11  Marine  
  166  18:12  Marine x3  
  173  18:13  Marauder  
  173  18:17  Marauder  
  176  18:24  Marine x2  
  176  18:26  Marauder  
  160  18:27  Orbital Command  
  160  18:28  Marauder x2  
  160  18:29  Marine x3  
  160  18:30  Marine  
  160  18:32  Orbital Command  
  150  18:34  Marauder  
  150  18:38  Marauder  
  154  18:48  Marauder  
  151  18:50  Marauder  
  138  18:58  Marine x2  
  138  19:01  Marauder  
  117  19:08  Marauder, Marine x2  
  117  19:09  Marauder  
  110  19:29  Marauder  
Show
View Real Time Build Order
Export as new Build Order

STZsOs Protoss - Winner!

Build Orders: 1 Gate Expand, Phoenix Opening, Colossus Rush 

Get SALT Encoding   

  12  0:00  Probe  
  13  0:12  Probe  
  14  0:17  Pylon  
  14  0:24  Probe  
  15  0:32  Probe  
  15  0:37  Gateway  
  15  0:40  Probe  
  16  0:45  Assimilator  
  17  0:51  Probe  
  18  1:03  Probe  
  19  1:15  Probe  
  20  1:23  Cybernetics Core  
  20  1:24  Zealot  
  22  1:38  Nexus  
  22  1:47  Pylon  
  22  1:49  Probe  
  23  1:55  Assimilator, Adept  
  23  2:06  Probe  
  23  2:07  Warp Gate  
  26  2:17  Adept  
  26  2:18  Probe  
  29  2:30  Probe  
  30  2:40  Twilight Council  
  30  2:42  Probe  
  31  2:48  Probe  
  31  2:54  Probe, Sentry  
  31  2:57  Phoenix, Probe  
  36  3:06  Probe  
  36  3:07  Probe  
  38  3:13  Gateway  
  38  3:17  Charge  
  38  3:18  Probe  
  38  3:19  Probe  
  40  3:27  Pylon  
  40  3:31  Probe  
  40  3:32  Probe  
  42  3:34  Robotics Facility  
  42  3:37  Phoenix  
  42  3:43  Probe  
  42  3:44  Probe  
  44  3:51  Assimilator  
  44  3:55  Pylon, Probe  
  45  3:57  Probe  
  45  3:58  Zealot  
  45  4:02  Gateway  
  48  4:05  Probe  
  48  4:07  Probe, Zealot  
  52  4:11  Pylon  
  52  4:13  Probe  
  52  4:17  Immortal  
  52  4:19  Probe  
  52  4:24  Robotics Bay  
  54  4:30  Phoenix  
  58  4:33  Gateway  
  58  4:36  Gateway  
  58  4:38  Sentry  
  60  4:42  Gateway  
  60  4:45  Zealot  
  62  4:51  Pylon  
  62  4:55  Colossus  
  62  4:56  Shield Battery  
  62  4:59  Phoenix  
  68  5:15  Probe x2  
  68  5:16  Extended Thermal Lance  
  68  5:18  Zealot x2  
  74  5:28  Zealot x2  
  74  5:31  Pylon  
  74  5:34  Pylon  
  74  5:35  Colossus  
  84  5:54  Nexus  
  84  6:02  Blink  
  84  6:07  Forge x2  
  84  6:13  Shield Battery  
  84  6:14  Probe x2  
  84  6:21  Protoss Ground Weapons Level 1  
  84  6:28  Colossus, Shield Battery  
  90  6:33  Zealot x2  
  90  6:34  Protoss Ground Armor Level 1  
  90  6:38  Pylon x2  
  94  6:54  Probe  
  94  6:55  Probe  
  91  7:07  Probe x2  
  93  7:10  Probe  
  93  7:11  Photon Cannon  
  94  7:19  Probe x2  
  94  7:20  Zealot x4  
  104  7:28  Probe  
  104  7:29  Pylon  
  110  7:31  Probe x2  
  110  7:34  Pylon  
  110  7:35  Observer  
  108  7:47  Probe x3  
  111  7:52  Stalker x6  
  111  7:55  Protoss Ground Weapons Level 2  
  123  8:00  Pylon  
  123  8:02  Pylon  
  123  8:09  Colossus  
  127  8:16  Protoss Ground Armor Level 2  
  127  8:18  Pylon  
  127  8:21  Nexus  
  127  8:30  Probe x3  
  127  8:32  Gateway  
  127  8:33  Gateway  
  130  8:43  Probe  
  130  8:45  Zealot x5  
  141  8:49  Probe x2  
  143  8:55  Probe  
  143  8:58  Observer, Stalker  
  143  9:02  Observer  
  146  9:06  Pylon, Stalker  
  147  9:12  Pylon  
  147  9:13  Shield Battery, Stalker  
  149  9:32  Pylon  
  149  9:34  Pylon  
  149  9:36  Pylon, Stalker  
  149  9:37  Stalker x2, Zealot x4  
  163  9:41  Observer  
  163  9:42  Gateway  
  163  9:44  Gateway  
  163  9:47  Probe  
  164  9:53  Stalker  
  164  9:56  Pylon  
  164  10:13  Disruptor  
  166  10:18  Probe x4, Robotics Facility  
  166  10:19  Protoss Ground Weapons Level 3  
  166  10:20  Protoss Ground Armor Level 3  
  170  10:21  Zealot x8  
  170  10:25  Nexus  
  186  10:34  Pylon  
  186  10:41  Shield Battery  
  184  10:43  Photon Cannon  
  184  10:53  Zealot x8  
  195  11:14  Observer  
  195  11:16  Gravitic Boosters  
  192  11:19  Probe  
  192  11:20  Probe x2  
  192  11:22  Pylon  
  192  11:23  Photon Cannon  
  192  11:25  Gateway  
  195  11:26  Gateway  
  195  11:38  Pylon  
  195  11:39  Disruptor  
  189  11:44  Probe  
  190  11:52  Zealot x6  
  190  11:53  Pylon  
  200  11:59  Shield Battery  
  200  12:11  Shield Battery  
  200  12:18  Gateway  
  200  12:21  Observer  
  200  12:31  Observer  
  200  12:43  Observer  
  199  12:46  Protoss Shields Level 1  
  199  12:52  Observer, Nexus  
  199  12:54  Pylon  
  199  12:55  Photon Cannon  
  199  13:00  Shield Battery  
  199  13:01  Photon Cannon x2  
  199  13:16  Photon Cannon  
  199  13:18  Shield Battery  
  173  13:20  Disruptor  
  173  13:23  Disruptor  
  173  13:24  Observer, Stalker x2, Zealot  
  173  13:25  Zealot x9  
  193  13:34  Probe x4  
  200  13:44  Nexus  
  200  13:57  Pylon  
  200  14:03  Gateway  
  200  14:05  Gateway  
  200  14:10  Gateway  
  200  14:11  Gateway  
  196  14:18  Disruptor, Nexus  
  184  14:34  Zealot x10  
  184  14:35  Disruptor  
  158  14:47  Disruptor  
  150  14:57  Stalker x9  
  166  15:04  Pylon, Probe  
  166  15:05  Stalker x2  
  166  15:06  Assimilator, Zealot x2  
  173  15:07  Assimilator  
  171  15:16  Probe, Zealot  
  171  15:17  Zealot  
  170  15:25  Disruptor  
  170  15:26  Zealot x3  
  170  15:27  Zealot x7  
  190  15:33  Assimilator  
  190  15:34  Photon Cannon  
  184  15:35  Photon Cannon  
  184  15:37  Shield Battery x2  
  184  15:40  Pylon  
  188  15:46  Observer, Colossus  
  152  15:53  Zealot x6  
  152  15:54  Zealot x5  
  170  16:00  Probe  
  170  16:01  Probe  
  169  16:06  Stalker x2  
  169  16:08  Probe  
  174  16:15  Probe x2  
  174  16:16  Probe x3  
  174  16:17  Stalker x3  
  185  16:20  Probe  
  185  16:25  Stalker  
  183  16:26  Probe  
  167  16:34  Stalker x2  
  167  16:38  Photon Cannon  
  171  16:40  Zealot x11  
  187  17:00  Colossus  
  172  17:02  Colossus  
  172  17:06  Zealot x8  
  172  17:07  Zealot x6  
  174  17:25  Assimilator  
  164  17:32  Zealot x12  
  164  17:33  Zealot x2  
  184  17:47  Photon Cannon  
  182  17:56  Zealot  
  182  17:57  Zealot x8  
  200  18:22  Colossus  
  188  18:30  Zealot  
  188  18:31  Stalker x5, Zealot x2  
  188  18:32  Stalker x6  
  184  18:41  Colossus  
  158  18:59  Zealot x13  
  158  19:00  Zealot  
  184  19:08  Probe  
  166  19:21  Probe  
  166  19:23  Stalker x2  
  166  19:24  Stalker x4  
  177  19:30  Nexus  
  177  19:33  Nexus  
  171  19:46  Zealot x8  
  171  19:47  Zealot x6  
  191  20:08  Sentry  
  191  20:09  Zealot x3  
Tags
 
Add a new tag
Caveats
  • Supply blocks, unpowered buildings, or Contaminate may cause inaccurate times.
  • Supply counts are checked every 10 seconds.